AoeStats
← Sorrowft

Nomad

510475603Analyzed
2v2 RM · 1d ago on Oct 1, 2026· 66m 4s· 4 players
Game mode
Random Map
Map size
176×176
Population
200
Speed
Normal
Resources
Standard
Victory
Conquest
Starting age
Dark Age
Ending age
Imperial Age
RankedLock teamsTeams togetherTeam positionsShared explorationLock speedFull tech treeHidden civsTurbo modeCheats
Victory
Defeat
🇲🇽 Japanese · Mexico
770
+15
🇲🇽 Romans · Mexico
710
+18
🇲🇽 Persians · Mexico
755
-17
🇵🇪 Sicilians · Peru
743
-16
Sorrowft
5:32 Loom
13:41 Feudal Age
14:01 Man-at-Arms
14:43 Fishing Lines
17:23 Forging
17:20 Double-Bit Axe
20:16 Wheelbarrow
25:04 Castle Age
23:38 Scale Mail Armor
23:36 Stone Mining
23:37 Gold Mining
26:23 Horse Collar
29:01 Hand Cart
28:32 Town Watch
32:37 Yasama
36:28 Bow Saw
40:55 Imperial Age
43:49 Ballistics
44:30 Chemistry
43:40 Heavy Plow
45:08 Two-Man Saw
49:39 Iron Casting
49:19 Chain Mail Armor
50:17 Gold Shaft Mining
50:17 Conscription
51:23 Town Patrol
51:32 Elite Samurai
55:10 Blast Furnace
54:41 Plate Mail Armor
55:36 Kataparuto
56:05 Scale Barding Armor
63:55 Hoardings
63:44 Chain Barding Armor
PILLORA
11:24 Loom
28:18 Feudal Age
30:09 Horse Collar
41:52 Wheelbarrow
47:30 Man-at-Arms
48:28 Double-Bit Axe
52:18 Castle Age
50:04 Town Watch
54:25 Hand Cart
muelaluis19
17:49 Feudal Age
16:05 Loom
19:57 Double-Bit Axe
26:06 Castle Age
27:10 Forging
41:19 Scale Barding Armor
49:27 Iron Casting
Patt
17:28 Feudal Age
24:49 Fishing Lines
32:38 Castle Age
30:33 Double-Bit Axe
30:49 Gold Mining
30:52 Stone Mining
32:23 Loom
33:15 Wheelbarrow
37:42 Hand Cart
37:39 Bow Saw
38:46 Man-at-Arms
39:11 Gambesons
39:13 Arson
41:10 Horse Collar
42:40 Fletching
42:50 Padded Archer Armor
43:03 Long Swordsman
52:10 Bodkin Arrow
52:27 Forging
52:18 Scale Mail Armor
55:31 Medium Warships
57:01 Ballistics
Connection lost

Rejoining the realm…

Still unreachable

The connection could not be restored.

Session expired

The server has moved on; the page needs a fresh start.